 Dungeon Crawl Stone Soup version 0.22-a0-252-gcace5d2 (webtiles) character file.

24 sankara the Cudgeler (level 3, 0/23 HPs)
             Began as a Gargoyle Fighter on Mar 1, 2018.
             Killed from afar by Natasha (1 damage)
             ... with a magic dart
             ... on level 2 of the Dungeon.
             The game lasted 00:01:38 (789 turns).

sankara the Cudgeler (Gargoyle Fighter)              Turns: 789, Time: 00:01:39

Health: 0/23       AC: 10    Str: 19    XL:     3   Next: 2%
Magic:  3/3        EV: 11    Int: 14    God:
Gold:   90         SH:  9    Dex:  9    Spells: 2/2 levels left

rFire    . . .     SeeInvis .   a - +0 flail
rCold    + . .     Gourm    .   c - +0 shield
rNeg     + . .     Faith    .   b - +0 scale mail
rPois    ∞         Spirit   .   (no helmet)
rElec    +         Reflect  .   (no cloak)
rCorr    .         Harm     .   (no gloves)
MR       .....                  (no boots)
Stlth    ..........             (no amulet)
HPRegen  0.07/turn              j - +4 ring of evasion
MPRegen  0.08/turn              l - ring of protection from cold {rC+, !d}

@: brilliant
A: negative energy resistance 1, electricity resistance, unbreathing,
petrification resistance, rot immunity, AC +3
a: no special abilities


You were on level 2 of the Dungeon.
You were not hungry.

You visited 1 branch of the dungeon, and saw 2 of its levels.

You collected 90 gold pieces.

Inventory:

Hand Weapons
 a - a +0 flail (weapon)
Missiles
 e - 58 stones (quivered)
 n - 18 sling bullets
Armour
 b - a +0 scale mail (worn)
 c - a +0 shield (worn)
Jewellery
 j - a +4 ring of evasion (left hand)
   (You found it on level 1 of the Dungeon)
 l - a ring of protection from cold (right hand) {rC+, !d}
   (You found it on level 1 of the Dungeon)
Scrolls
 k - a scroll of identify {unknown}
 o - a scroll of random uselessness {unknown}
 q - a scroll of teleportation {unknown}
Potions
 d - a potion of might
 h - a potion of agility {unknown}
 i - a potion of magic {unknown}
Comestibles
 f - 2 rations
 p - 2 chunks of flesh {@w0}


   Skills:
 - Level 3.2 Fighting
 + Level 3.4 Maces & Flails
 - Level 3.2 Armour
 - Level 3.2 Shields


You had 2 spell levels left.
You didn't know any spells.

Dungeon Overview and Level Annotations

Branches:
Dungeon (2/15)

Altars:

Annotations:
D:2 Natasha


Innate Abilities, Weirdness & Mutations

You are resistant to torment.
Your stone body is resilient. (AC +3)
You are immune to poison.
You resist negative energy. (rN+)
You are resistant to electric shocks. (rElec)
You can survive without breathing.
You are immune to petrification.
You are immune to rotting.


Message History

There is a stone staircase leading up here.
Key pressed, stopping travel.
There is a stone staircase leading up here.
n - 18 sling bullets
Found a stone staircase leading down.
You now have 90 gold pieces (gained 14).
o - a scroll labeled OWOSHR AJIRASIF An adder comes into view.
You block the adder's attack.
You barely miss the adder. The adder bites you but does no damage.
The adder bites you.
You closely miss the adder.
The adder bites you but does no damage. x2
You closely miss the adder. The adder misses you.
You sock the adder!
The adder is almost dead.
The adder bites you but does no damage. You block the adder's attack.
Your shield and scale mail prevent you from hitting the adder.
The adder is almost dead.
You block the adder's attack. x2
You barely miss the adder.
The adder is almost dead.
You block the adder's attack. x2
You barely miss the adder.
The adder is almost dead.
The adder bites you. You block the adder's attack.
You are too injured to fight recklessly!
You are too injured to fight recklessly!
You are too injured to fight recklessly!
You are too injured to fight recklessly!
You sock the adder!
You kill the adder!
You see here an adder corpse.
You butcher the adder corpse.
p - 2 chunks of flesh {@w0} You start resting.
HP restored.
A bat comes into view.
A bat is nearby!
The bat barely misses you. You block the bat's attack.
The bat hits you but does no damage. You block the bat's attack.
You hit the bat.
You kill the bat!
You have reached level 3!
Your experience leads to an increase in your attributes!
Increase (S)trength, (I)ntelligence, or (D)exterity?
You feel clever.
Found a stone staircase leading up.
q - a scroll labeled JEOHOAHURU A ball python comes into view.
A ball python is nearby!
The ball python hisses angrily.
The ball python bites you but does no damage.
The ball python grabs you. The ball python constricts you.
You block the ball python's attack. The ball python constricts you.
You hit the ball python.
The ball python is severely wounded.
You block the ball python's attack. The ball python constricts you.
You thump the ball python!
You kill the ball python!
No target in view!
Marking area around Natasha as unsafe for travelling.
Natasha, Servant of Life and Death comes into view.
Natasha hisses angrily.
Natasha drinks a potion.
Natasha seems to speed up.
Natasha stares at you and mumbles some strange words.
The magic dart hits you! Natasha casts a spell at you. The magic dart hits you!
Natasha casts a spell.
Natasha stares at you and mumbles some strange words.
The magic dart hits you! The white imp gestures at you.
The puff of frost misses you.
You are too injured to fight recklessly!
Natasha casts a spell at you. The magic dart hits you!
You block the white imp's attack.
Your shield and scale mail prevent you from hitting Natasha.
You block Natasha's attack. Natasha barely misses you.
The white imp gestures at you. The puff of frost hits you! You resist.
You closely miss Natasha. Natasha completely misses you.
The white imp summons a swarm of flies.
You block the white imp's attack. Natasha claws you.
* * * LOW HITPOINT WARNING * * *
You barely miss Natasha. You block Natasha's attack.
The white imp hits you but does no damage.
Natasha casts a spell at you. The magic dart hits you!
* * * LOW HITPOINT WARNING * * *
It was a potion of cancellation.
You feel magically purged. The white imp gestures at you.
You block the puff of frost.
Natasha mumbles some strange words.
It was a potion of brilliance.
You feel clever all of a sudden.
Natasha stares at you and mumbles some strange words.
The magic dart hits you!
You die...

♣P... .... ... .#.#
#..## ..#.# ....
....# .. #..# ##...#
....##5h# ....#
......5@# <...#
.##.###.####...#
#?..#......#
#.#.#.##.#.#
#.#...##.#.# #
#.####.#.#
#........#
...###....#.# ...
....+.#....#.###....


You could see Natasha, a crimson imp and a white imp.

Vanquished Creatures
  An adder (D:2)
  A dart slug (D:1)
  A leopard gecko (D:1)
  4 hobgoblins (D:1)
  A kobold (D:1)
  A ball python (D:2)
  3 bats
  A rat (D:1)
13 creatures vanquished.

Notes
Turn   | Place    | Note
-------+----------+-------------------------------------------
     0 | D:1      | sankara the Gargoyle Fighter began the quest for the Orb.
     0 | D:1      | Reached XP level 1. HP: 14/14 MP: 1/1
   182 | D:1      | Reached XP level 2. HP: 19/19 MP: 2/2
   319 | D:1      | Reached skill level 3 in Maces & Flails
   769 | D:2      | Reached XP level 3. HP: 23/23 MP: 3/3
   780 | D:2      | Noticed Natasha
   786 | D:2      | HP: 5/23 [Natasha (4)]
   787 | D:2      | HP: 1/23 [Natasha/magic dart (4)]
   789 | D:2      | Killed from afar by Natasha

Vault maps used:
D:1:      enne_arrival_octagon_isle
D:2:      lemuel_crystal_altar, serial_forest, infiniplex_forest_end_2,
          infiniplex_forest_diagonal, infiniplex_forest_clump_tiny,
          infiniplex_forest_zigzag_1, infiniplex_forest_end_1,
          infiniplex_forest_straight_5, infiniplex_forest_straight_3,
          infiniplex_forest_fountain, uniq_natasha

Skill      XL: |  1  2 |
---------------+-------+-----
Maces & Flails | 3 |  3.4
Fighting       | |  3.2
Armour         | |  3.2
Shields        | |  3.2

Action                   || total
-------------------------++-------
Melee: Flail             ||    45
  Use: Potion            ||     2
Armor: Scale mail        ||    17
Dodge: Dodged            ||    17
Block: Shield            ||    33

Table legend:
 A = Spawn XP
 B = Non-spawn XP
 C = Spawn XP percentage of total XP
 D = Spawn monster count
 E = Non-spawn monster count
 F = Spawn count percentage of total count
 G = Total turns spent on level
                    A         B        C        D         E        F      G
               +---------+---------+-------+---------+---------+-------+---------
         Total |       0 |      35 |   0.0 |       0 |      13 |   0.0 |   789
               +---------+---------+-------+---------+---------+-------+---------
           D:1 |       0 |      20 |   0.0 |       0 |      10 |   0.0 |   600
           D:2 |       0 |      15 |   0.0 |       0 |       3 |   0.0 |   189
               +---------+---------+-------+---------+---------+-------+---------

Vault maps used:
D:1:      enne_arrival_octagon_isle
D:2:      lemuel_crystal_altar, serial_forest, infiniplex_forest_end_2,
          infiniplex_forest_diagonal, infiniplex_forest_clump_tiny,
          infiniplex_forest_zigzag_1, infiniplex_forest_end_1,
          infiniplex_forest_straight_5, infiniplex_forest_straight_3,
          infiniplex_forest_fountain, uniq_natasha

Table legend:
 A = Turns spent in this place as a percentage of turns spent in the entire game.
 B = Non-inter-level travel turns spent in this place as a percentage of non-inter-level travel turns spent in the entire game.
 C = Inter-level travel turns spent in this place as a percentage of turns spent in this place.
 D = Turns resting spent in this place as a percentage of non-inter-level travel turns spent in this place.
 E = Turns spent auto-exploring this place as a percentage of non-inter-level travel turns spent in this place.
 F = Non-inter-level travel turns spent in this place divided by the number of levels of this place that you've seen.
                   A       B       C       D       E      F
               +-------+-------+-------+-------+-------+----------------------
         Total | 100.0 | 100.0 |   3.0 |  19.7 |  64.8 | 382.5
       Dungeon | 100.0 | 100.0 |   3.0 |  19.7 |  64.8 | 382.5
               +-------+-------+-------+-------+-------+----------------------

Table legend:
 A = Kills in this place as a percentage of kills in entire the game.
 B = Kills by you in this place as a percentage of kills by you in the entire game.
 C = Kills by friends in this place as a percentage of kills by friends in the entire game.
 D = Other kills in this place as a percentage of other kills in the entire game.
 E = Experience gained in this place as a percentage of experience gained in the entire game.
 F = Experience gained in this place divided by the number of levels of this place that you have seen.
                   A       B       C       D       E      F
               +-------+-------+-------+-------+-------+----------------------
         Total | 100.0 | 100.0 |   N/A |   N/A | 100.0 |  17.5
       Dungeon | 100.0 | 100.0 |   N/A |   N/A | 100.0 |  17.5
               +-------+-------+-------+-------+-------+----------------------
